 Dungeon Crawl Stone Soup version 0.23.2 (webtiles) character file.

Game seed: 17573611908064564705

2066 Gargoyl the Chopper (level 9, 0/73 HPs)
             Began as a Centaur Abyssal Knight on Apr 5, 2019.
             Was a Priest of Lugonu.
             Slain by a killer bee (6 damage)
             ... on level 7 of the Dungeon.
             The game lasted 00:11:13 (8461 turns).

Gargoyl the Chopper (Centaur Abyssal Knight)        Turns: 8461, Time: 00:11:14

Health: 0/73       AC: 13    Str: 15    XL:     9   Next: 5%
Magic:  12/12      EV: 11    Int: 11    God:    Lugonu [***...]
Gold:   330        SH:  0    Dex: 17    Spells: 8/8 levels left

rFire    . . .     SeeInvis .   w - +5 broad axe
rCold    . . .     Gourm    .   (no shield)
rNeg     . . .     Faith    .   b - +0 chain mail
rPois    +         Spirit   .   m - +0 helmet
rElec    .         Reflect  .   d - +2 cloak
rCorr    .         Harm     .   (no gloves)
MR       .....                  (no barding)
Stlth    ..........             j - amulet of magic regeneration
HPRegen  0.22/turn              l - ring of poison resistance
MPRegen  0.38/turn              (no ring)

@: agile, lethally poisoned (0 -> -7), very quick
A: large, hooves 3, deformed body, speed 2, tough skin 3
a: Depart the Abyss, Bend Space, Banish, Renounce Religion


You were on level 7 of the Dungeon.
You worshipped Lugonu.
Lugonu was most pleased with you.
You were not hungry.

You visited 1 branch of the dungeon, and saw 7 of its levels.
You visited the Abyss 1 time.
You also visited: Ossuary.

You collected 645 gold pieces.
You spent 315 gold pieces at shops.

Inventory:

Hand Weapons
 a - a +2 hand axe
 w - a +5 broad axe (weapon)
Missiles
 n - 2 tomahawks (quivered)
 u - 3 tomahawks of returning
Armour
 b - a +0 chain mail (worn)
 d - a +2 cloak (worn)
 m - a +0 helmet (worn)
Jewellery
 j - an amulet of magic regeneration (around neck)
 l - a ring of poison resistance (left hand)
Scrolls
 f - 5 scrolls of remove curse
 i - 3 scrolls of teleportation
 k - 2 scrolls of fog
 o - a scroll of amnesia
 s - a scroll of identify
Potions
 e - a potion of invisibility
 g - 3 potions of curing
 h - a potion of flight
 t - a potion of heal wounds
Comestibles
 c - 9 rations


   Skills:
 + Level 4.8 Fighting
 + Level 6.3 Axes
 + Level 0.3 Throwing
 * Level 4.6 Armour
 * Level 3.8 Dodging
 * Level 5.1 Invocations


You had 8 spell levels left.
You didn't know any spells.
Your spell library contained the following spells:

 Spells                   Type           Power        Failure   Level  Hunger
 Animate Skeleton         Necr           N/A          100%        1    ##.....
 Apportation              Tloc           #.....       100%        1    ##.....
 Confusing Touch          Hex            #.....       100%        1    ##.....
 Corona                   Hex            #......      100%        1    ##.....
 Summon Small Mammal      Summ           #...         100%        1    ##.....
 Call Imp                 Summ           #.......     100%        2    ###....
 Ensorcelled Hibernation  Hex/Ice        #.....       100%        2    ###....
 Call Canine Familiar     Summ           #.......     100%        3    ####...
 Confuse                  Hex            #.......     100%        3    ####...
 Dazzling Spray           Conj/Hex       #.....       100%        3    ####...
 Summon Guardian Golem    Hex/Summ       #.......     100%        3    ####...
 Tukima's Dance           Hex            #.......     100%        3    ####...
 Summon Ice Beast         Ice/Summ       #.......     100%        4    #####..
 Summon Lightning Spire   Summ/Air       #.......     100%        4    #####..


Dungeon Overview and Level Annotations

Branches:
Dungeon (7/15)             Temple (0/1) D:6

Altars:
Cheibriados
Dithmenos
Sif Muna
Yredelemnul

Shops:
D:6 ?

Annotations:
D:2 Taiwuri's ghost, amateur HuFi


Innate Abilities, Weirdness & Mutations

You have hooves in place of feet.
Armour fits poorly on your strangely shaped body.
You cover ground very quickly.
You have extremely tough skin. (AC +3)


Message History

You miss the killer bee. Your kick misses the killer bee.
You feel sick. The killer bee stings you.
* * * LOW HITPOINT WARNING * * *
The killer bee stings you but does no damage.
The killer bee barely misses you.
Unknown command.
You miss the killer bee.
You feel sick.
The killer bee stings you but does no damage.
The killer bee stings you.
* * * LOW HITPOINT WARNING * * *
You are lethally poisoned!
The killer bee poisons you!
Unknown command.
Your chain mail prevents you from hitting the killer bee.
Your kick misses the killer bee.
* * * LOW HITPOINT WARNING * * *
You feel sick.
The killer bee stings you but does no damage.
The killer bee stings you.
You die...

##### ##...##
#.....# #.....
#.....
#...#####.####
#....@y......
#..########..
#..## ##...##
##.###.# #..#
#.# #..###.####
#.#...#...###
#.###.#.#.....#


You could see a killer bee.

Vanquished Creatures
  Prince Ribbit (D:6)
  4 ogres
  A centaur (D:5)
  3 bullfrogs (D:6)
  A scorpion (D:4)
  5 killer bees (D:7)
  A howler monkey (D:6)
  2 centaur zombies (Ossuary)
  2 crimson imps
  2 orc priests (D:6)
  3 hounds (D:4)
  An iguana (D:4)
  A jelly (D:5)
  4 orc wizards
  Natasha (thrice) (D:2)
  5 worker ants
  5 big kobold zombies (Ossuary)
  2 mummies (Ossuary)
  4 gnolls
  5 adders
  An ooze (D:3)
  2 dart slugs
  5 leopard geckos
  16 orcs
  4 giant cockroaches
  6 goblins
  4 hobgoblins
  12 jackals
  4 kobolds
  10 bats
  6 frilled lizards
  5 gnoll zombies
  2 goblin zombies (Ossuary)
  A hobgoblin zombie (Ossuary)
  A jackal skeleton (D:4)
  A leopard gecko skeleton (D:5)
  An orc zombie (Ossuary)
  A quokka skeleton (D:4)
  4 rats
  A bush (D:4)
  2 plants (D:4)
144 creatures vanquished.

Vanquished Creatures (others)
  A plant (D:4)
1 creature vanquished.

Grand Total: 145 creatures vanquished

Notes
Turn   | Place    | Note
-------+----------+-------------------------------------------
     0 | Abyss:1  | Gargoyl the Centaur Abyssal Knight began the quest for the
                  | Orb.
     0 | Abyss:1  | Reached XP level 1. HP: 19/19 MP: 2/2
    43 | Abyss:1  | Found a corrupted altar of Lugonu.
   203 | Abyss:1  | Noticed an eye of draining
   233 | Abyss:1  | Noticed a large abomination
   234 | Abyss:1  | Noticed a thrashing horror
   239 | D:1      | Escaped the Abyss
   720 | D:1      | Reached * piety under Lugonu
   720 | D:1      | Reached XP level 2. HP: 21/26 MP: 3/3
  1046 | D:2      | Reached skill level 2 in Axes
  1046 | D:2      | Reached skill level 1 in Dodging
  1349 | D:2      | Reached XP level 3. HP: 23/31 MP: 4/4
  1569 | D:2      | Noticed Natasha
  1576 | D:2      | Killed Natasha
  1623 | D:2      | Reached XP level 4. HP: 34/38 MP: 5/5
  1776 | D:2      | Noticed Natasha
  1780 | D:2      | Killed Natasha
  1876 | D:2      | Noticed Natasha
  1884 | D:2      | Killed Natasha
  2570 | D:3      | Reached XP level 5. HP: 40/45 MP: 5/7
  2686 | D:3      | Reached ** piety under Lugonu
  2694 | D:3      | Noticed an ogre
  2748 | D:3      | Found a deep blue altar of Sif Muna.
  2828 | D:3      | Noticed an ogre
  2830 | D:3      | Found a transporter.
  2831 | D:3      | Noticed an ogre
  2832 | D:3      | Found a transporter.
  2833 | D:3      | Noticed Taiwuri's ghost (amateur HuFi)
  3507 | D:3      | Found a basalt altar of Yredelemnul.
  3834 | D:4      | Noticed an ogre
  3844 | D:4      | Killed an ogre
  3844 | D:4      | Reached XP level 6. HP: 26/52 MP: 8/8
  4277 | D:4      | Reached skill level 3 in Axes
  4329 | D:4      | Found a snail-covered altar of Cheibriados.
  5514 | D:4      | Reached XP level 7. HP: 52/59 MP: 9/9
  5790 | D:5      | Entered Level 5 of the Dungeon
  5836 | D:5      | Found a shadowy altar of Dithmenos.
  6003 | D:5      | Reached skill level 4 in Axes
  6182 | D:5      | Reached *** piety under Lugonu
  6928 | D:6      | Reached XP level 8. HP: 66/66 MP: 9/11
  6946 | D:6      | Reached skill level 5 in Axes
  7022 | D:6      | Found a staircase to the Ecumenical Temple.
  7100 | D:6      | Found Unulag's Magic Scroll Boutique.
  7100 | D:6      | Noticed Prince Ribbit
  7125 | D:6      | Killed Prince Ribbit
  7134 | D:6      | Bought 2 scrolls of enchant weapon for 210 gold pieces
  7134 | D:6      | Bought a scroll of enchant weapon for 105 gold pieces
  7303 | D:6      | Found a sand-covered staircase.
  7309 | Ossuary  | Entered an ossuary
  8133 | D:6      | Reached skill level 6 in Axes
  8250 | D:6      | Reached skill level 5 in Invocations
  8453 | D:7      | Reached XP level 9. HP: 30/73 MP: 12/12
  8461 | D:7      | Slain by a killer bee

Skill      XL: |  1  2  3  4  5  6  7  8 |
---------------+-------------------------+-----
Axes           | 2 3 4 6 |  6.3
Dodging        | 1 2 3 |  3.8
Armour         | 2 3 4 |  4.6
Invocations    | 3 4 5 |  5.1
Fighting       | 4 |  4.8
Throwing       | |  0.3

Action                   |  1- 3 |  4- 6 |  7- 9 || total
-------------------------+-------+-------+-------++-------
Melee: Hand axe          |    91 |   203 |   128 ||   422
       Kick              |    10 |    51 |    87 ||   148
       Broad axe         |       |       |   141 ||   141
Throw: Tomahawk          |       |     2 |     3 ||     5
Invok: Depart the Abyss  |     1 |       |       ||     1
  Use: Scroll            |     4 |     6 |    14 ||    24
       Potion            |       |     2 |     3 ||     5
  Eat: Chunk             |     1 |     7 |     9 ||    17
       Ration            |       |     1 |       ||     1
Armor: Leather armour    |    60 |   119 |    20 ||   199
       Chain mail        |       |       |   129 ||   129
Dodge: Dodged            |    69 |   112 |    92 ||   273
